 Dungeon Crawl Stone Soup version 0.16-a0-3761-g2321f2b (console) character file.

133 Monkaria the Covered (level 4, -2/35 HPs)
             Began as a Demonspawn Fighter on Jan 24, 2015.
             Slain by Edmund
             ... wielding a +2 flail of protection
              (5 damage)
             ... while paralysed
             ... on level 4 of the Dungeon.
             The game lasted 00:04:08 (2495 turns).

Monkaria the Covered (Demonspawn Fighter)           Turns: 2495, Time: 00:04:08

Health: -2/35      AC:  8    Str: 22      XL:     4   Next: 93%
Magic:  4/4        EV:  2    Int:  6 (9)  God:
Gold:   160        SH:  0    Dex: 18      Spells: 0 memorised, 3 levels left

rFire  + . .     SeeInvis .     a - +0 war axe
rCold  + . .     Clarity  +     x - +1 robe {rN+}
rNeg   + . .     SustAb   .     c - +0 shield
rPois  +         Gourm    .     s - +0 helmet
rElec  +         Spirit   .     (no cloak)
rCorr  +         Warding  .     g - +2 pair of gloves
rMut   .         Stasis   .     (no boots)
MR     .....                    r - amulet of clarity
Stlth  +++.......               (no ring)
                                (no ring)

@: paralysed, mighty, agile, resistant, flying, very slightly contaminated,
starving, invisible, not resistant to hostile enchantments, fairly stealthy
A: icy blue scales 1, rot immunity
a: no special abilities


You were on level 4 of the Dungeon.
You were starving.

You visited 1 branch of the dungeon, and saw 4 of its levels.

You collected 160 gold pieces.

Inventory:

Hand weapons
 a - a +0 war axe (weapon)
Armour
 b - a +0 scale mail
 c - a +0 shield (worn)
 g - a +2 pair of gloves (worn)
 s - a +0 helmet (worn)
 x - a +1 robe of positive energy (worn)
Jewellery
 r - an amulet of clarity (around neck)
Magical devices
 p - a wand of invisibility (3)
Scrolls
 h - 3 scrolls of enchant weapon {unknown}
 j - a scroll of teleportation {unknown}
 k - a scroll of enchant armour {unknown}
 m - 3 scrolls of identify {unknown}
 u - 3 scrolls of random uselessness {unknown}
 y - a scroll of fog {unknown}
Potions
 n - a potion of invisibility
 q - a potion of agility
 v - a potion of curing
Comestibles
 d - 5 bread rations
 i - 3 meat rations
 t - a beef jerky
 w - 4 fruits


   Skills:
 - Level 3.0 Fighting
 + Level 3.4 Axes
 - Level 4.1 Armour
 - Level 2.6 Shields


You had 3 spell levels left.
You didn't know any spells.

Dungeon Overview and Level Annotations

Branches:
Dungeon (4/15)
 Temple: D:4-7

Altars:
Xom

Annotations:
D:4 Edmund


Innate Abilities, Weirdness & Mutations

You are partially covered in icy blue scales (AC +1).
You are immune to rotting.


Message History

Edmund barely misses you.
Drink which item? (? for menu, Esc to quit)
You feel very mighty all of a sudden. You block Edmund's attack.
Your shield prevents you from hitting Edmund.
Edmund is heavily wounded.
Edmund hits you with a flail of protection.
You hit Edmund.
Edmund is heavily wounded.
Edmund barely misses you.
You barely miss Edmund.
Edmund is heavily wounded.
You block Edmund's attack.
You lose consciousness!
Edmund hits you with a flail of protection!
* * * LOW HITPOINT WARNING * * *
Edmund hits you with a flail of protection.
* * * LOW HITPOINT WARNING * * *
Edmund hits you with a flail of protection.
You die...

... .... .....
...... ######......
#.........
+....>.###
#.##...@....#
.#..?...@....#..<#
..................#
.....<..#'#.##.#.#
........#.#... # #
.##+#..##.######.#
### #........#
#.(##.....####
#.........#


You could see Edmund.

Vanquished Creatures
  A crimson imp (D:4)
  A centaur skeleton (D:4)
  A worker ant (D:4)
  Jessica (D:3)
  An adder (D:2)
  2 giant geckos
  5 orcs (D:3)
  A ball python (D:1)
  3 giant cockroaches
  4 goblins
  6 hobgoblins
  2 jackals (D:1)
  3 kobolds
  A quokka (D:3)
  3 bats
  3 giant newts
  7 rats
45 creatures vanquished.

Notes
Turn   | Place    | Note
--------------------------------------------------------------
     0 | D:1      | Monkaria, the Demonspawn Fighter, began the quest for the Orb.
     0 | D:1      | Reached XP level 1. HP: 18/18 MP: 1/1
   227 | D:1      | Gained mutation: You are partially covered in icy blue scales (AC +1). [demonic ancestry]
   227 | D:1      | Reached XP level 2. HP: 24/24 MP: 2/2
  1100 | D:2      | Reached XP level 3. HP: 24/29 MP: 3/3
  1708 | D:3      | Found a shimmering altar of Xom.
  1738 | D:3      | Reached skill level 4 in Armour
  1838 | D:3      | Noticed Jessica
  1851 | D:3      | Killed Jessica
  1874 | D:3      | Gained mutation: You are immune to rotting. [demonic ancestry]
  1874 | D:3      | Reached XP level 4. HP: 25/35 MP: 4/4
  2441 | D:4      | Noticed Edmund
  2495 | D:4      | Slain by Edmund

Action                   |  1- 3 |  4- 6 || total
-------------------------+-------+-------++-------
Melee: War axe           |   104 |    91 ||   195
  Use: Potion            |       |    11 ||    11
 Stab: Sleeping          |     1 |       ||     1
  Eat: Chunk             |     3 |       ||     3
